 Dungeon Crawl Stone Soup version 0.21.0-3-g78d12a8 (webtiles) character file.

45 Faca the Ducker (level 3, 0/19 HPs)
             Began as a Spriggan Abyssal Knight on Jan 10, 2018.
             Was a Believer of Lugonu.
             Succumbed to an adder's poison
             ... on level 1 of the Dungeon.
             The game lasted 00:03:28 (1420 turns).

Faca the Ducker (Spriggan Abyssal Knight)           Turns: 1420, Time: 00:03:28

Health: 0/19       AC:  2    Str: 13    XL:     3   Next: 42%
Magic:  5/5        EV: 20    Int: 13    God:    Lugonu [**....]
Gold:   42         SH:  0    Dex: 16    Spells: 2/2 levels left

rFire    . . .     SeeInvis +   a - +1 short sword
rCold    . . .     Gourm    .   (shield restricted)
rNeg     . . .     Faith    .   b - +0 robe
rPois    .         Spirit   .   (helmet restricted)
rElec    .         Reflect  .   (no cloak)
rCorr    .         Harm     .   (gloves unavailable)
MR       .....                  (boots unavailable)
Stlth    ++........             (no amulet)
HPRegen  0.06/turn              d - +5 ring of strength
MPRegen  0.09/turn              (no ring)

@: lethally poisoned (0 -> -6), very quick
A: very small, unfitting armour, see invisible, herbivore, speed 3, slow
metabolism 2
a: Depart the Abyss, Bend Space, Renounce Religion


You were on level 1 of the Dungeon.
You worshipped Lugonu.
Lugonu was pleased with you.
You were not hungry.

You visited 1 branch of the dungeon, and saw 2 of its levels.
You visited the Abyss 1 time.

You collected 42 gold pieces.

Inventory:

Hand Weapons
 a - a +1 short sword (weapon)
 e - a +0 dagger
Armour
 b - a +0 robe (worn)
Jewellery
 d - a +5 ring of strength (left hand)
Scrolls
 i - a scroll of fear
 j - a scroll of remove curse
 k - a scroll of magic mapping
Potions
 f - a potion of cancellation
Comestibles
 c - 2 rations


   Skills:
 - Level 2.4 Fighting
 + Level 2.8 Short Blades
 + Level 4.4 Dodging
 + Level 2.1 Stealth
 + Level 2.4 Invocations


You had 2 spell levels left.
You didn't know any spells.

Dungeon Overview and Level Annotations

Branches:
Dungeon (2/15)

Altars:


Innate Abilities, Weirdness & Mutations

You are very small and have problems with some larger weapons.
You are too small for most types of armour.
You have supernaturally acute eyesight. (SInv)
You are a herbivore.
You cover ground extremely quickly.
You need consume almost no food.


Message History

The adder is lightly wounded.
The adder closely misses you. The adder bites you.
* * * LOW HITPOINT WARNING * * *
You miss the adder.
The adder is lightly wounded.
* * * LOW HITPOINT WARNING * * *
You feel sick. The adder closely misses you.
You hit the adder.
The adder is lightly wounded.
* * * LOW HITPOINT WARNING * * *
You feel sick. The adder closely misses you.
You miss the adder.
The adder is lightly wounded.
The adder closely misses you. x2
You miss the adder.
The adder is lightly wounded.
The adder completely misses you.
You puncture the adder!
The adder is almost dead.
You die...

#......#.......#
#......#.......#
########.......#
#.......# #.......#
#.....[.# #.......#
#.......# ##########
#....@S.# #.#.......
#.......#####.'.......
#.............'.......
############..#.......
#..#.......
##.#....... #.+.......
#.+....... #.#.......


You could see an adder.

Vanquished Creatures
  An adder (D:2)
  A worm (D:2)
  2 dart slugs
  A leopard gecko (D:1)
  2 giant cockroaches
  2 goblins (D:1)
  5 hobgoblins
  9 kobolds
  A ball python (D:1)
  2 bats (D:1)
  2 rats
28 creatures vanquished.

Notes
Turn   | Place    | Note
-------+----------+-------------------------------------------
     0 | Abyss:1  | Faca the Spriggan Abyssal Knight began the quest for the Orb.
     0 | Abyss:1  | Reached XP level 1. HP: 11/11 MP: 3/3
    10 | D:1      | Escaped the Abyss
   378 | D:1      | Reached XP level 2. HP: 9/16 MP: 4/4
   525 | D:1      | Reached skill level 1 in Stealth
   562 | D:1      | Reached skill level 4 in Dodging
  1164 | D:2      | Reached ** piety under Lugonu
  1164 | D:2      | Reached XP level 3. HP: 19/19 MP: 5/5
  1420 | D:1      | Succumbed to an adder's poison

Skill      XL: |  1  2 |
---------------+-------+-----
Invocations    | 2 |  2.4
Stealth        | 2 |  2.1
Dodging        | 4 |  4.4
Fighting       | |  2.4
Short Blades   | |  2.8

Action                   || total
-------------------------++-------
Melee: Short sword       ||   114
  Use: Scroll            ||     5
 Stab: Sleeping          ||     2
Armor: Robe              ||     5
Dodge: Dodged            ||    99
